 Dungeon Crawl Stone Soup version 0.29.0-13-gc9e81de378 (webtiles) character file.

Game seed: 2418938270370211550

5401 mdonais the Destroyer (level 10, -6/61 (68) HPs)
             Began as an Octopode Cinder Acolyte on Sept 8, 2022.
             Was a High Priest of Ignis.
             Mangled by a wight
             ... wielding a +0 falchion
              (12 damage)
             ... on level 7 of the Dungeon.
             The game lasted 00:38:37 (13171 turns).

mdonais the Destroyer (Octopode Cinder Acolyte)    Turns: 13171, Time: 00:38:37

HP:   -6/61 (68)    AC:  1    Str: 14    XL:     10   Next: 67%
MP:   22/29         EV: 12    Int: 20    God:    Ignis [*****.]
Gold: 815           SH:  3    Dex:  8    Spells: 13/22 levels left

rFire   + + .      SeeInvis +   C - +5 spear (venom)
rCold   . . .      Faith    .   p - +0 buckler
rNeg    . . .      Spirit   .   (helmet restricted)
rPois   .          Reflect  .   (no amulet)
rElec   .          Harm     .   s - ring of see invisible
rCorr   .          Rampage  .   B - ring of willpower
Will    ++...                   h - ring of magical power
Stlth   +++.......              (no ring)
HPRegen 0.20/turn               (no ring)
MPRegen 0.21/turn               (no ring)
                                (no ring)
                                (no ring)

@: rising, flying, heavily drained
A: almost no armour, amphibious, 8 rings, camouflage 1, gelatinous body 1,
(nimble swimmer 1), tentacles, fire resistance 1, strong-willed 1, sense
surroundings 1
a: Renounce Religion, Fiery Armour, Foxfire Swarm


You were on level 7 of the Dungeon.
You worshipped Ignis.
Ignis was extremely pleased with you.
You visited 2 branches of the dungeon, and saw 9 of its levels.
You also visited: Sewer and Bailey.

You collected 991 gold pieces.
You spent 176 gold pieces at shops.

Inventory:

Hand Weapons
 a - a -1 short sword of flaming
 n - a +3 short sword
   (You took it off a wight on level 6 of the Dungeon)
 q - a +4 scimitar
   (You took it off a wight on level 7 of the Dungeon)
 C - a +5 spear of venom (weapon)
   (You took it off a wight on level 6 of the Dungeon)
Missiles
 t - a boomerang
 u - 9 poisoned darts (quivered)
 Z - 7 throwing nets {=!f}
Armour
 p - a +0 buckler (worn)
   (You found it on level 7 of the Dungeon)
Magical Staves
 x - a staff of cold
   (You found it on level 6 of the Dungeon)
Jewellery
 h - a ring of magical power (on tentacle)
   (You took it off a gnoll sergeant in a bailey)
 s - a ring of see invisible (left tentacle)
   (You found it on level 6 of the Dungeon)
 B - a ring of willpower (right tentacle)
   (You found it on level 6 of the Dungeon)
Scrolls
 e - 2 scrolls of silence
 f - 3 scrolls of fog
 g - a scroll of fear {unknown}
 o - 5 scrolls of enchant armour
 R - a scroll of identify
Potions
 b - 2 potions of heal wounds
 c - a potion of invisibility
 d - a potion of berserk rage
 i - a potion of lignification
 j - a potion of attraction {unknown}
 k - 5 potions of mutation
 l - a potion of flight
 r - a potion of might
 z - 2 potions of brilliance
 H - a potion of haste
 Q - 8 potions of curing
Miscellaneous
 m - a piece from Xom's chessboard (15/15)
   (You found it in a bailey)


   Skills:
 - Level 6.0 Fighting
 - Level 3.0 Short Blades
 - Level 2.0 Dodging
 - Level 5.0 Stealth
 + Level 1.5 Shields
 - Level 6.7 Spellcasting
 - Level 8.6 Conjurations
 - Level 6.0 Necromancy
 - Level 6.0 Fire Magic


You had 13 spell levels left.
You knew the following spells:

 Your Spells              Type           Power      Damage    Failure   Level
a - Scorch                Fire           60%        2d8       1%          2
b - Vampiric Draining     Necr           30%        2d8       3%          3
c - Fulminant Prism       Conj/Hex       12%        3d9       22%         4

Your spell library contained the following spells:

 Spells                   Type           Power      Damage    Failure   Level
 Magic Dart               Conj           100%       1d8       1%          1
 Searing Ray              Conj           82%        2d7       1%          2
 Freeze                   Ice            24%        1d5       13%         1
 Slow                     Hex            24%        N/A       13%         1
 Hailstorm                Conj/Ice       24%        3d7       22%         4
 Confusing Touch          Hex            6%         N/A       36%         3
 Frozen Ramparts          Ice            12%        1d2       36%         3


Dungeon Overview and Level Annotations

Branches:
Dungeon (8/15) Zot: 26989  Temple (1/1) D:4 Zot: 5890   Sewer (visited)
 Bailey (visited)
   Lair: D:8-11

Altars:
Gozag
Hepliaklqana
Kikubaaqudgha
Makhleb
Nemelex Xobeh
Okawaru
Qazlal
Ru
Sif Muna
Vehumet
Wu Jian
Zin
The Shining One

Shops:
D:4 !

Annotations:
D:3 2 transporters, dornbeast's ghost, amateur DEFE


Innate Abilities, Weirdness & Mutations

You cannot wear most types of armour.
You are amphibious.
You can wear up to eight rings at the same time.
Your skin changes colour to match your surroundings (Stealth+).
Your rubbery body absorbs attacks. (AC +1, EV +1)
((You are camouflaged when in or above water. (Stealth+)))
You have tentacles for arms and can constrict up to eight enemies at once.
Your flesh is heat resistant. (rF+)
You are strong-willed. (Will+)
You passively map a small area around you.


Message History

Confirm with . or Enter, or press ? or * to list all spells.
You can't see any susceptible monsters within range! (Use Z to cast anyway.)
There is an open door here.
Casting: Vampiric Draining (dangerous; 3% risk of failure)
Confirm with . or Enter, or press ? or * to list all spells.
Aiming: Fulminant Prism (dangerous; 22% risk of failure)
Press: ? - help, Dir - move target You conjure a prism of explosive energy!
A fulminant prism comes into view.
You now have 25/29 mp.
Your fulminant prism crackles loudly.
Your fulminant prism explodes!
Casting: Fulminant Prism (dangerous; 22% risk of failure)
Confirm with . or Enter, or press ? or * to list all spells.
Aiming: Fulminant Prism (dangerous; 22% risk of failure)
Press: ? - help, Dir - move target You conjure a prism of explosive energy!
A fulminant prism comes into view.
You now have 21/29 mp.
Your fulminant prism crackles loudly.
Your fulminant prism explodes!
The blast of energy engulfs the wight!
The wight is almost destroyed.
Casting: Fulminant Prism (dangerous; 22% risk of failure)
Confirm with . or Enter, or press ? or * to list all spells.
You can't see any susceptible monsters within range! (Use Z to cast anyway.)
Casting: Fulminant Prism (dangerous; 22% risk of failure)
Confirm with . or Enter, or press ? or * to list all spells.
Aiming: Fulminant Prism (dangerous; 22% risk of failure)
Press: ? - help, Dir - move target You miscast Fulminant Prism.
You are very lightly contaminated with residual magic.
Energy rips through your body!
You take 10 damage, and have 58/68 hp.
You now have 18/29 mp.
Casting: Fulminant Prism (dangerous; 22% risk of failure)
Confirm with . or Enter, or press ? or * to list all spells.
Flames lash the wight.
You destroy the wight!
You now have 17/29 mp.
Casting: Scorch (safe; 1% risk of failure)
Confirm with . or Enter, or press ? or * to list all spells.
Flames lash the wight.
You destroy the wight!
Your Shields skill increases to level 1!
You now have 15/29 mp.
Casting: Scorch (safe; 1% risk of failure)
Confirm with . or Enter, or press ? or * to list all spells.
Aiming: Fulminant Prism (dangerous; 22% risk of failure)
Press: ? - help, Dir - move target You conjure a prism of explosive energy!
A fulminant prism comes into view.
You now have 12/29 mp.
Your fulminant prism crackles loudly.
Your fulminant prism explodes!
The blast of energy engulfs the wight!
The wight is almost destroyed.
Casting: Fulminant Prism (dangerous; 22% risk of failure)
Confirm with . or Enter, or press ? or * to list all spells.
Flames lash the wight.
You destroy the wight!
You now have 10/29 mp.
Casting: Scorch (safe; 1% risk of failure)
Confirm with . or Enter, or press ? or * to list all spells.
You can't see any susceptible monsters within range! (Use Z to cast anyway.)
Your magical contamination has completely faded away.
HP restored.
Magic restored.
Things that are here:
a +5 spear; a +0 robe Health restored: 68; MP restored: 29
Okay, then.
R - a scroll of identify
Things that are here:
a +4 mace; a +0 robe
Things that are here:
a +4 scimitar; a +0 robe
q - a +4 scimitar
Found a short sword.
You see here a +0 short sword.
Found a hazy altar of Hepliaklqana.
Done exploring.
Done exploring.
Done exploring.
Done exploring.
Done exploring.
(D) Dungeon (T) Temple
Where to? (Enter - D:7 @ (x,y), ? - help)
You see here a +0 short sword.
You see here a +0 chain mail.
There is a stone staircase leading down here.
You climb downwards.
Found a dagger.
Found a burning altar of Makhleb.
There is a stone staircase leading up here.
There are monsters nearby!
The helpless wight fails to defend itself.
You puncture the wight! You grab the wight.
The wight is heavily damaged.
You constrict the wight, but do no damage.
The wight misses you.
You release your grip on the wight.
The wight hits you from afar with a +2 spear!
The wight barely misses you. The wight hits you with a +3 spear!
You feel drained.
You climb upwards.
There is a stone staircase leading down here.
You take 25 damage, and have 43/66 hp.
MASSIVE DAMAGE!!
Casting: Scorch (safe; 1% risk of failure)
Confirm with . or Enter, or press ? or * to list all spells.
Flames lash the wight.
The wight is lightly damaged.
The wight's fire resistance burns away.
The wight hits you with a +0 falchion! The wight misses you.
You take 8 damage, and have 35/66 hp.
You now have 27/29 mp.
Casting: Scorch (safe; 1% risk of failure)
Confirm with . or Enter, or press ? or * to list all spells.
Flames lash the wight.
The wight is burned terribly!
The wight is moderately damaged.
The wight barely misses you. You block the wight's attack.
You now have 25/29 mp.
Casting: Scorch (safe; 1% risk of failure)
Confirm with . or Enter, or press ? or * to list all spells.
Flames lash the wight.
The wight is severely damaged.
The wight's fire resistance burns away.
The wight hits you with a +0 falchion! You block the wight's attack.
You take 8 damage, and have 27/66 hp.
You now have 23/29 mp.
Casting: Scorch (safe; 1% risk of failure)
Confirm with . or Enter, or press ? or * to list all spells.
Flames lash the wight.
The wight is severely damaged.
The wight hits you with a +0 falchion!
* * * LOW HITPOINT WARNING * * *
The wight hits you with a +3 spear!
* * * LOW HITPOINT WARNING * * *
You feel drained.
* * * LOW HITPOINT WARNING * * *
You take 22 damage, and have 5/63 hp.
MASSIVE DAMAGE!!
You now have 22/29 mp.
Okay, then.
You feel much better. The wight hits you with a +0 falchion.
The wight hits you with a +3 spear!
* * * LOW HITPOINT WARNING * * *
You feel drained.
* * * LOW HITPOINT WARNING * * *
You regained 4 hp, and now have 9/61 hp.
You begin to rise into the air.
The wight hits you with a +0 falchion.
* * * LOW HITPOINT WARNING * * *
You block the wight's attack.
You take 3 damage, and have 6/61 hp.
The wight attacks as you move away! The wight hits you with a +0 falchion!
You die...

.................#...........#
..........[......#...........#
.##..##...###..###....##.....#
#############..###....########
#............# #............#
#......[.....# #......z.....#
#.....@z.....# ##############


You could see 2 wights.

Vanquished Creatures
  A manticore (D:7)
  Grinder (D:6)
  A human (D:7)
  4 hogs (D:7)
  A steam dragon (D:6)
  An ogre (D:5)
  5 black bears
  5 wolves (Bailey)
  A centaur (D:6)
  A phantom (D:6)
  A kobold brigand (D:5)
  A necrophage (D:6)
  3 scorpions
  6 gnoll sergeants (Bailey)
  3 bullfrogs (D:7)
  11 wights
  2 howler monkeys
  2 killer bees (D:7)
  3 orc priests
  5 hounds
  8 gnoll boudas
  2 jellies
  2 iguanas
  2 orc wizards
  30 gnolls
  11 adders
  2 white imps
  6 worms
  5 dart slugs
  12 orcs
  8 ball pythons
  4 endoplasms
  4 giant cockroaches
  4 hobgoblins
  7 jackals
  7 kobolds
  3 quokkas
  A bat (D:1)
  10 frilled lizards
  8 goblins
  9 rats
  2 butterflies (D:4)
205 creatures vanquished.

Vanquished Creatures (collateral kills)
  A bullfrog (D:7)
  3 killer bees (D:7)
4 creatures vanquished.

Vanquished Creatures (others)
  8 fulminant prisms (D:7)
8 creatures vanquished.

Grand Total: 217 creatures vanquished

Notes
Turn   | Place    | Note
-------+----------+-------------------------------------------
     0 | D:1      | mdonais the Octopode Cinder Acolyte began the quest for the
                  | Orb.
     0 | D:1      | Reached XP level 1. HP: 16/16 MP: 2/2
     6 | D:1      | Noticed a komodo dragon
     6 | D:1      | Noticed a ragged hierophant
     7 | D:1      | Noticed an ettin
   269 | D:1      | Reached skill level 1 in Stealth
  1043 | D:1      | Reached XP level 2. HP: 17/21 MP: 3/3
  1048 | D:1      | Learned a level 2 spell: Scorch
  1300 | D:2      | Reached XP level 3. HP: 24/26 MP: 1/4
  1839 | D:2      | Reached XP level 4. HP: 29/31 MP: 3/6
  2413 | D:2      | Found a faded altar of an unknown god.
  2512 | D:3      | Reached XP level 5. HP: 32/36 MP: 1/8
  2559 | D:3      | Found a transporter.
  2560 | D:3      | Noticed dornbeast's ghost (amateur DEFE)
  2561 | D:3      | Found a transporter.
  2720 | D:3      | Found a glowing drain.
  2743 | Sewer    | Entered a sewer
  3192 | D:3      | Reached XP level 6. HP: 37/42 MP: 0/9
  4430 | D:4      | Found a staircase to the Ecumenical Temple.
  4438 | Temple   | Entered the Ecumenical Temple
  4700 | D:4      | Reached skill level 5 in Fire Magic
  4877 | D:4      | Noticed a black bear
  4903 | D:4      | Killed a black bear
  4904 | D:4      | Reached skill level 5 in Stealth
  4904 | D:4      | Gained mutation: Your flesh is heat resistant. (rF+)
                  | [potion of mutation]
  4904 | D:4      | Gained mutation: You are strong-willed. (Will+) [potion of
                  | mutation]
  4904 | D:4      | Gained mutation: You passively map a small area around you.
                  | [potion of mutation]
  4974 | D:4      | Noticed a black bear
  4976 | D:4      | Reached XP level 7. HP: 48/48 MP: 11/11
  5010 | D:4      | Reached skill level 1 in Dodging
  5141 | D:4      | Found Qikir's Distillery.
  5152 | D:4      | Bought a potion of might for 44 gold pieces
  5152 | D:4      | Bought a potion of lignification for 33 gold pieces
  5152 | D:4      | Bought a potion of heal wounds for 55 gold pieces
  5152 | D:4      | Bought a potion of brilliance for 44 gold pieces
  5162 | D:4      | Found a sparkling altar of Nemelex Xobeh.
  5232 | D:4      | Found a sacrificial altar of Ru.
  5232 | D:4      | Found an ancient bone altar of Kikubaaqudgha.
  5236 | D:4      | Found an iron altar of Okawaru.
  5960 | D:5      | Entered Level 5 of the Dungeon
  5973 | D:5      | Reached XP level 8. HP: 43/54 MP: 4/13
  6043 | D:4      | Learned a level 3 spell: Vampiric Draining
  6104 | D:5      | Reached skill level 5 in Fighting
  6182 | D:5      | Reached skill level 1 in Necromancy
  7220 | D:5      | Found an ornate altar of the Wu Jian Council.
  7452 | D:6      | Reached skill level 5 in Necromancy
  7969 | D:6      | Learned a level 4 spell: Fulminant Prism
  8209 | D:6      | Reached XP level 9. HP: 39/61 MP: 4/15
  8533 | D:6      | Reached skill level 5 in Spellcasting
  8721 | D:6      | Reached skill level 1 in Conjurations
  8736 | D:6      | Reached skill level 2 in Conjurations
  8835 | D:6      | Noticed Grinder
  8840 | D:6      | Killed Grinder
  8841 | D:6      | Reached skill level 3 in Conjurations
  8912 | D:7      | Reached skill level 4 in Conjurations
  8973 | D:7      | Noticed a manticore
  9301 | D:7      | Reached skill level 5 in Conjurations
  9453 | D:7      | Reached skill level 6 in Conjurations
  9461 | D:7      | Found a flagged portal.
  9480 | Bailey   | Entered a bailey
 10538 | Bailey   | Reached XP level 10. HP: 62/66 MP: 8/18
 10685 | Bailey   | Reached skill level 7 in Conjurations
 11552 | Bailey   | Reached skill level 8 in Conjurations
 12257 | D:7      | Killed a manticore
 12978 | D:7      | Reached skill level 1 in Shields
 13128 | D:7      | Found a hazy altar of Hepliaklqana.
 13161 | D:8      | Found a burning altar of Makhleb.
 13171 | D:7      | Mangled by a wight

Illustrated notes

Levels and vault maps discovered:
D:1:      onia_arrival_zoo_common, layout_loops_cross, serial_rivers,
          chequers_serial_rivers_marsh, chequers_serial_rivers_micro_b,
          chequers_serial_rivers_micro_d, chequers_serial_rivers_micro_e,
          chequers_serial_rivers_room_b, hangedman_decor_peaks_small,
          minivault_23, minmay_misc_feat_chi, minmay_misc_feat_tower
D:2:      layout_loops_ring, chequers_ecumenical_altar_grove, minmay_distorted
D:3:      layout_basic, gammafunk_ghost_arena, portal_sewer_entry_e,
          kennysheep_generic_room_4
D:4:      layout_gridville, grunt_temple_overflow_open,
          minmay_temple_entry_butterflies, serial_shops, shop,
          hangedman_decor_riveting
D:5:      layout_loops_cross, nzn_wu_jian_contemplation
D:6:      layout_basic, uniq_grinder
D:7:      layout_gridville, nicolae_hepliaklqana_hippocampus, enter_bailey_2,
          grunt_decor_arrowhead, grunt_ministairs_2, grunt_livestock,
          hangedman_abyss_or_decor_lesser_grid
D:8:      layout_rooms, kennysheep_slug_shrine,
          mainiacjoe_overflow_catwalk_spiral, serial_glass, glass_columns_a,
          glass_columns_b, uniq_psyche
Temple:   nicolae_temple_two_arcs

Skill      XL: |  1  2  3  4  5  6  7  8  9 10 |
---------------+-------------------------------+-----
Stealth        | 2 4 5 |  5.0
Spellcasting   | 2 3 4 5 6 |  6.7
Fire Magic     | 4 5 6 |  6.0
Fighting       | 4 5 6 |  6.0
Dodging        | 2 |  2.0
Necromancy     | 5 6 |  6.0
Conjurations   | 6 8 |  8.6
Shields        | 1 |  1.5
Short Blades   | |  3.0

Action                   |  1- 3 |  4- 6 |  7- 9 | 10-12 || total
-------------------------+-------+-------+-------+-------++-------
Melee: Short sword       |    55 |    58 |    19 |       ||   132
       Constrict         |    15 |    13 |     5 |     1 ||    34
       Tentacles         |    12 |    18 |     3 |       ||    33
       Punch             |     2 |     1 |       |       ||     3
       Spear             |       |       |    16 |    21 ||    37
Throw: Dart              |       |       |    16 |     1 ||    17
       Boomerang         |       |       |    23 |     1 ||    24
 Cast: Scorch            |     6 |    58 |   210 |    80 ||   354
       Fulminant Prism   |       |       |       |     8 ||     8
       Vampiric Draining |       |       |       |     4 ||     4
Invok: Rising Flame      |       |       |       |     1 ||     1
  Use: Scroll            |     5 |     4 |     7 |     2 ||    18
       Potion            |     1 |     1 |     3 |     3 ||     8
 Stab: Sleeping          |     9 |    11 |     2 |     1 ||    23
Armor: Skin              |     1 |     2 |    17 |    26 ||    46
Dodge: Dodged            |    17 |    37 |    73 |    54 ||   181
Block: Buckler           |       |       |       |     3 ||     3
